Map: Tours du crépuscule

Players

kardeyy

  • Race: Terran Terran
  • League: Diamond

Shockolate - Winner!

  • Race: Zerg Zerg
  • League: Diamond

VOD

Have the link to the VOD?

Description

How to counter that Zerg ?

Time

  • Played on: Jan. 25, 2016, 1:15 p.m.
  • Length: 19:27
Show
View Real Time Build Order
Export as new Build Order

kardeyy Terran 

Build Orders: Reaper Expand, MMM Bio 

Get SALT Encoding   

  12  0:01  SCV  
  13  0:13  SCV  
  14  0:17  Supply Depot  
  14  0:25  SCV  
  15  0:39  SCV  
  15  0:41  Barracks  
  16  0:45  Refinery  
  16  0:51  SCV  
  17  1:03  SCV  
  18  1:15  SCV  
  19  1:27  Orbital Command  
  19  1:28  Reaper  
  20  1:41  Command Center  
  20  1:57  Supply Depot  
  20  2:00  Marine  
  21  2:08  Factory  
  21  2:10  SCV  
  23  2:22  SCV, Barracks Reactor  
  23  2:35  SCV  
  24  2:47  SCV  
  25  2:59  SCV  
  26  3:07  Supply Depot, Orbital Command  
  26  3:09  Refinery  
  26  3:11  SCV, Marine  
  26  3:12  Marine  
  29  3:18  Starport  
  29  3:20  Factory Tech Lab  
  29  3:28  Refinery  
  29  3:34  Marine  
  30  3:42  Marine  
  30  3:44  SCV x2  
  33  3:56  SCV  
  33  3:57  Medivac  
  33  3:59  Barracks  
  33  4:01  Barracks  
  36  4:03  Barracks  
  35  4:10  Marine  
  35  4:11  Marine  
  35  4:12  SCV x2  
  39  4:23  Supply Depot  
  39  4:24  SCV x2  
  39  4:25  Siege Tank  
  44  4:36  Medivac  
  44  4:37  Marine x2  
  48  4:38  SCV x2  
  50  4:48  Barracks Tech Lab  
  50  4:49  Barracks Tech Lab  
  50  4:50  SCV  
  50  4:51  SCV, Barracks Reactor  
  52  4:56  Marine x2  
  54  5:03  SCV x2  
  56  5:14  Stimpack  
  56  5:15  Combat Shields, Marine  
  56  5:16  Marauder, Marine  
  58  5:42  Starport Reactor  
  55  5:43  Marine x4  
  55  5:44  Marauder  
  55  5:45  SCV  
  55  5:49  Supply Depot  
  62  5:50  Supply Depot  
  62  5:52  SCV, Supply Depot, Marauder  
  62  5:53  Engineering Bay  
  62  5:55  Engineering Bay  
  65  5:57  SCV, Refinery  
  65  6:00  Marine  
  65  6:04  SCV, Marine x3  
  68  6:05  Marauder  
  68  6:09  SCV  
  74  6:13  Marauder  
  74  6:16  SCV  
  77  6:18  Marine  
  77  6:21  SCV  
  77  6:25  Medivac x2  
  83  6:26  Marine x3  
  83  6:28  Terran Infantry Weapons Level 1, Terran Infantry Armor Level 1  
  83  6:29  Marine  
  87  6:34  Marine  
  88  6:45  Marine  
  88  6:46  Marine x2  
  87  6:58  Marine x3  
  90  7:04  Marine  
  90  7:05  Medivac x2  
  90  7:06  Marine x2  
  97  7:13  Command Center  
  97  7:16  Marine  
  97  7:17  Marauder x2  
  102  7:27  Supply Depot  
  102  7:28  Supply Depot  
  102  7:29  Supply Depot  
  102  7:31  SCV, Marine  
  102  7:34  Concussive Shells  
  104  7:41  Marine x5  
  109  7:49  Medivac x2  
  109  7:50  Marine  
  114  8:00  Marauder x2  
  114  8:02  Marine x2  
  114  8:03  Marine  
  121  8:08  Supply Depot, Marine  
  121  8:10  Supply Depot  
  115  8:47  Marine x2  
  115  8:48  Marine x3  
  120  8:49  Medivac x2, Marauder  
  120  9:06  Marauder  
  120  9:09  Marine x2  
  116  9:10  Marine x2  
  120  9:19  Marine, Medivac x2  
  125  9:24  Orbital Command  
  125  9:27  Marine x2  
  125  9:28  Armory  
  125  9:29  Marine x3  
  130  9:38  Marauder  
  132  9:45  Marine  
  123  9:49  Medivac x2  
  127  9:59  Marauder  
  126  10:00  Marine x4  
  126  10:03  Marine  
  122  10:19  Medivac  
  122  10:21  Marine x3  
  122  10:22  Marine x3  
  128  10:38  Orbital Command  
  128  10:39  Marine  
  128  10:40  Medivac  
  128  10:41  Marine x3, Marauder  
  128  10:42  Marine  
  135  10:49  Medivac  
  137  10:56  Terran Infantry Weapons Level 2  
  137  10:57  Marine, Terran Infantry Armor Level 2  
  137  10:59  Marine x3  
  137  11:00  Marauder  
  137  11:02  Marauder  
  144  11:14  Marine  
  144  11:17  Marine  
  140  11:21  Marauder  
  140  11:23  Marauder  
  130  11:30  Marine x2  
  130  11:32  Marine  
  128  11:34  Marine  
  120  11:42  Marine  
  120  11:45  SCV, Marauder  
  120  11:46  SCV x2  
  111  11:52  Marine  
  111  11:53  Marine x3  
  115  11:54  Medivac  
  115  11:55  Medivac  
  115  11:56  Terran Vehicle And Ship Armor Level 1  
  115  11:58  SCV  
  115  12:00  Marauder  
  122  12:06  Marine  
  123  12:10  Marine x2  
  123  12:11  Marine x2  
  127  12:22  Marauder  
  122  12:24  Marauder  
  122  12:28  Marine x2  
  126  12:35  Barracks  
  126  12:38  Barracks  
  126  12:50  Marine  
  126  12:51  Marine x5  
  131  13:08  Marine x2  
  131  13:09  Marauder, Marine x2  
  131  13:10  Marauder  
  121  13:26  Marine x3  
  121  13:27  Marine  
  124  13:28  Refinery  
  124  13:31  Barracks Tech Lab x2, Marauder x2  
  124  13:32  Medivac x2  
  127  13:44  Marine x4  
  131  13:52  Marauder x2  
  135  13:58  Terran Infantry Weapons Level 3  
  135  13:59  Terran Infantry Armor Level 3  
  135  14:02  Marine x2  
  137  14:08  Marine x4  
  141  14:13  Refinery  
  141  14:14  Marauder x2  
  145  14:20  Marine x2  
  145  14:23  SCV  
  145  14:24  SCV  
  149  14:25  Command Center  
  149  14:26  Marauder, Marine  
  152  14:36  Command Center  
  152  14:37  Marauder x2  
  156  14:40  Terran Vehicle And Ship Armor Level 2  
  125  15:02  Marine x4  
  125  15:03  Marauder  
  122  15:15  Marine x2  
  123  15:29  Marine x3  
  123  15:30  Marauder  
  118  15:40  Marine x4  
  118  16:09  Marine x2  
  118  16:10  Marine x3  
  118  16:11  Marauder x2  
  122  16:26  Refinery  
  122  16:31  Marine x2  
  122  16:32  Marine x2  
  126  16:35  Command Center  
  126  17:11  Marine x3  
  126  17:12  Marauder  
  131  17:19  Planetary Fortress  
  131  17:21  Medivac x2  
  131  17:22  Marine x4  
  109  17:52  Medivac x2  
  109  17:53  Marine x3  
  109  17:54  Marauder  
  82  18:09  Marine x2  
  84  18:23  Marine x2  
  86  18:49  Marine x3  
  86  18:50  Medivac, Marine x3  
  86  18:51  Medivac  
  86  18:52  Marine  
  85  19:03  Marine  
  85  19:07  Marine  
Show
View Real Time Build Order
Export as new Build Order

Shockolate Zerg - Winner!

Build Orders: Hatch First 

Get SALT Encoding   

  12  0:04  Drone  
  13  0:13  Overlord  
  13  0:17  Drone  
  14  0:26  Drone, Extractor  
  15  0:32  Drone  
  16  0:39  Drone  
  17  0:58  Hatchery  
  17  1:01  Drone x2  
  18  1:04  Extractor  
  17  1:18  Spawning Pool  
  16  1:21  Drone  
  17  1:27  Drone  
  18  1:37  Drone  
  19  1:42  Overlord  
  19  2:06  Extractor  
  18  2:08  Metabolic Boost  
  18  2:11  Queen  
  18  2:12  Queen  
  18  2:13  Zergling x2  
  18  2:14  Zergling x2  
  24  2:20  Drone  
  25  2:23  Drone  
  25  2:25  Extractor  
  25  2:27  Drone  
  27  2:30  Drone  
  28  2:40  Extractor  
  28  2:44  Drone x3  
  31  2:57  Hatchery  
  30  2:59  Extractor  
  30  3:08  Overlord x3  
  30  3:11  Drone  
  31  3:13  Drone  
  32  3:32  Drone x8  
  40  3:35  Extractor  
  40  3:40  Roach Warren  
  39  3:48  Drone x2  
  39  3:49  Drone  
  39  3:52  Overlord  
  41  4:01  Drone x2  
  43  4:11  Overlord  
  43  4:14  Spore Crawler  
  43  4:16  Spore Crawler  
  41  4:20  Spore Crawler  
  41  4:23  Lair  
  40  4:26  Drone x2  
  40  4:28  Evolution Chamber  
  40  4:29  Evolution Chamber  
  40  4:41  Drone x7  
  47  4:54  Zerg Ground Armor Level 1, Zerg Melee Weapons Level 1  
  47  4:57  Drone x3  
  47  4:58  Drone  
  47  4:59  Drone  
  52  5:04  Queen  
  54  5:11  Zergling x8  
  58  5:20  Zergling x6  
  58  5:21  Zergling x6  
  57  5:52  Spire  
  57  5:55  Infestation Pit  
  57  5:56  Extractor  
  55  5:57  Spore Crawler, Extractor  
  55  5:58  Drone x4, Spine Crawler  
  55  5:59  Drone  
  55  6:00  Extractor  
  55  6:01  Drone  
  55  6:02  Drone x6, Extractor  
  62  6:13  Baneling Nest  
  61  6:27  Drone x6  
  61  6:28  Drone x3  
  70  6:52  Overlord x2  
  70  6:53  Overlord  
  67  6:55  Queen  
  67  7:00  Hive, Zerg Melee Weapons Level 2  
  67  7:01  Zerg Ground Armor Level 2  
  69  7:04  Drone  
  69  7:05  Drone x3  
  69  7:07  Drone  
  74  7:09  Overlord  
  74  7:34  Drone x5  
  74  7:35  Drone  
  80  7:38  Zergling x2  
  80  7:39  Zergling x16  
  80  7:40  Centrifical Hooks  
  80  7:43  Baneling x9  
  89  7:45  Overlord  
  89  7:46  Overlord  
  89  7:53  Pathogen Glands  
  89  8:16  Adrenal Glands  
  89  8:18  Overlord x2, Ultralisk Cavern  
  88  8:21  Zergling x20  
  93  8:30  Zergling x6  
  93  8:36  Zergling x4  
  90  8:48  Infestor x5  
  95  8:59  Zergling x12  
  97  9:06  Zergling x4  
  97  9:08  Queen x3  
  94  9:20  Chitinous Plating  
  94  9:24  Ultralisk x3  
  94  9:27  Overlord x3  
  112  9:34  Overlord  
  104  9:48  Zergling x10  
  104  9:49  Queen  
  109  10:06  Ultralisk  
  127  10:07  Ultralisk x2  
  127  10:13  Hatchery  
  125  10:15  Zergling x14  
  130  10:26  Infestor x2  
  134  10:41  Extractor  
  133  10:50  Drone x4  
  133  10:55  Ultralisk  
  143  10:57  Overlord x2  
  143  11:00  Zerg Melee Weapons Level 3  
  142  11:17  Zergling x6  
  142  11:18  Zergling x20  
  143  11:41  Zergling x2  
  143  11:42  Zergling x16  
  143  11:46  Drone  
  154  11:47  Drone, Queen  
  154  11:48  Extractor  
  155  12:01  Spore Crawler  
  155  12:04  Drone x6, Spine Crawler  
  155  12:06  Spore Crawler  
  155  12:07  Zerg Ground Armor Level 3  
  155  12:26  Baneling x10  
  155  12:27  Queen  
  157  12:30  Drone x2  
  157  12:31  Spore Crawler  
  157  12:32  Spine Crawler  
  157  12:34  Spore Crawler  
  157  12:35  Spine Crawler  
  155  12:40  Zergling x10  
  155  12:42  Overlord x4  
  155  12:43  Overlord  
  160  12:46  Ultralisk Cavern  
  160  12:48  Extractor  
  160  12:50  Extractor  
  157  13:05  Ultralisk Cavern  
  152  13:17  Zergling x36  
  167  13:49  Ultralisk x5  
  197  14:06  Baneling x6  
  197  14:07  Baneling x7  
  197  14:08  Zergling x2  
  197  14:09  Zergling x2  
  199  14:14  Zerg Missile Weapons Level 1  
  199  14:15  Hatchery  
  198  14:25  Baneling x6  
  194  14:54  Zergling x6  
  194  14:55  Zergling x8  
  174  15:17  Zergling x6  
  174  15:20  Overlord x7  
  177  15:25  Spawning Pool  
  168  16:23  Ultralisk x4  
  168  16:25  Overlord x2  
  192  16:28  Drone x3  
  195  16:33  Hatchery  
  195  16:35  Baneling x9  
  195  16:36  Baneling x3  
  194  16:43  Zergling x2  
  194  16:44  Zergling x4  
  192  17:09  Spire  
  191  17:36  Zergling x14  
  178  19:03  Spore Crawler  
  178  19:06  Drone x12, Spine Crawler, Spore Crawler  
Tags
 
Add a new tag
Caveats
  • Supply blocks, unpowered buildings, or Contaminate may cause inaccurate times.
  • Supply counts are checked every 10 seconds.